 Dungeon Crawl Stone Soup version 0.30-a0-219-gf2db51d15e (webtiles) character file.

Game seed: 3229648781581154274

183128 Morbidden the Severer (level 17, 0/152 HPs)
             Began as a Minotaur Fighter on Oct 7, 2022.
             Was the Champion of Cheibriados.
             Slain by a ghost moth (17 damage)
             ... on level 4 of the Spider Nest.
             The game lasted 00:54:09 (34556 turns).

Morbidden the Severer (Minotaur Fighter)           Turns: 34556, Time: 00:54:10

Health: 0/152      AC:  0    Str: 44      XL:     17   Next: 36%
Magic:  0/23       EV: 20    Int: 17 (20) God:    Cheibriados [******]
Gold:   4294       SH: 15    Dex: 24 (27) Spells: 16/16 levels left

rFire   + + +      SeeInvis .    b - +0 broad axe (protect)
rCold   . . .      Faith    .    c - +0 kite shield
rNeg    . . .      Spirit   .    Y - +0 swamp dragon scales
rPois   +          Reflect  .    C - +0 hat of Devotion {rF+++}
rElec   .          Harm     .    H - +0 cloak "Dawkeur" {Str+2}
rCorr   .          Rampage  .    E - +0 pair of gloves
Will    +....                    J - +2 pair of boots of the Candlemaker {Slay+3}
Stlth   ++........               R - amulet of magic regeneration
HPRegen 0.45/turn                L - +4 ring of protection
MPRegen 0.58/turn                P - +4 ring of protection

@: corroded, very slow
A: horns 2, retaliatory headbutt, iridescent scales 1
}: 1/15 runes: decaying
a: Renounce Religion, Bend Time, Temporal Distortion, Slouch, Step From Time


You were on level 4 of the Spider Nest.
You worshipped Cheibriados.
Cheibriados was exalted by your worship.
You visited 5 branches of the dungeon, and saw 30 of its levels.
You also visited: Trove and Gauntlet.

You collected 4549 gold pieces.
You spent 255 gold pieces at shops.

Inventory:

Hand Weapons
 a - a +3 trident of freezing
 b - a +0 broad axe of protection (weapon)
 G - a +2 flail of holy wrath
Missiles
 g - 135 stones (quivered)
 h - 13 silver javelins
 l - 30 boomerangs
 Q - 2 throwing nets
 V - 13 javelins
 X - 2 curare-tipped darts
Armour
 c - a +0 kite shield (worn)
 j - a +3 plate armour of willpower
 p - a +10 plate armour of ponderousness
 C - the +0 hat of Devotion (worn) {rF+++}
   (You found it in a treasure trove)

   rF:        It renders you almost immune to fire.
 E - a +0 pair of gloves (worn)
 H - the +0 cloak "Dawkeur" (worn) {Str+2}
   (You found it in a treasure trove)

   Str:       It affects your strength (+2).
 I - a +1 plate armour of cold resistance
 J - the +2 pair of boots of the Candlemaker (worn) {Slay+3}
   (You found it in a treasure trove)

   Slay:      It affects your accuracy & damage with ranged weapons and melee
   (+3).
 Y - +0 swamp dragon scales (worn)
Jewellery
 B - a ring of see invisible
 D - the ring "Xoluze" {Will+++ rCorr EV+4 Str-4 Stlth-}
   (You found it in a Gauntlet)

   [ring of evasion]

   EV:        It affects your evasion (+4).
   Str:       It affects your strength (-4).
   rCorr:     It protects you from acid and corrosion.
   Will:      It greatly increases your willpower.
   Stlth:     It makes you less stealthy.
 K - the amulet "Qanyuderr" {Spirit rCorr}
   (You found it in a treasure trove)

   [amulet of guardian spirit]

   It causes incoming damage to be divided between your reserves of health and
   magic.
   rCorr:     It protects you from acid and corrosion.
 L - a +4 ring of protection (left hand)
 P - a +4 ring of protection (right hand)
 R - an amulet of magic regeneration (around neck)
 T - a ring of protection from cold
Wands
 e - a wand of quicksilver (10)
 f - a wand of roots (13)
 N - a wand of mindburst (7)
 S - a wand of digging (22)
 U - a wand of paralysis (22)
Scrolls
 i - 8 scrolls of teleportation
 k - 10 scrolls of amnesia
 q - 6 scrolls of enchant weapon
 r - 5 scrolls of fear
 u - 2 scrolls of silence
 w - 6 scrolls of poison
 y - 6 scrolls of enchant armour
 z - 3 scrolls of blinking
 M - 4 scrolls of magic mapping
 Z - 2 scrolls of immolation
Potions
 d - 3 potions of might
 m - 4 potions of heal wounds
 n - 6 potions of resistance
 o - 5 potions of berserk rage
 s - 14 potions of mutation
 t - 8 potions of curing
 A - 3 potions of flight
 F - a potion of magic
 O - a potion of invisibility
 W - 3 potions of ambrosia
Miscellaneous
 v - a lightning rod (4/4)
 x - a phantom mirror


   Skills:
 * Level 14.1 Fighting
 * Level 15.6(18.4) Axes
 + Level 7.6(12.6) Maces & Flails
 + Level 14.2(17.1) Polearms
 * Level 9.8 Throwing
 * Level 15.1 Armour
 * Level 11.3 Dodging
 + Level 2.4 Stealth
 * Level 13.6 Shields
 * Level 9.6 Invocations
 * Level 3.2 Evocations


You had 16 spell levels left.
You didn't know any spells.
Your spell library contained the following spells:

 Spells                   Type           Power      Damage    Failure   Level
 Beastly Appendage        Tmut           0%         N/A       45%         1
 Necrotise                Necr           0%         1d4       45%         1
 Shock                    Conj/Air       0%         1d3       45%         1
 Blink                    Tloc           0%         N/A       61%         2
 Cigotuvi's Dreadful Rot  Necr/Pois/Air  0%         N/A       61%         2
 Ensorcelled Hibernation  Hex/Ice        0%         N/A       61%         2
 Momentum Strike          Conj/Tloc      0%         3d8       61%         2
 Poisonous Vapours        Pois/Air       0%         N/A       61%         2
 Sublimation of Blood     Necr           0%         N/A       61%         2
 Wereblood                Tmut           0%         N/A       61%         2
 Hailstorm                Conj/Ice       0%         3d3       83%         3
 Inner Flame              Hex/Fire       0%         N/A       83%         3
 Lesser Beckoning         Tloc           0%         N/A       83%         3
 Mephitic Cloud           Conj/Pois/Air  0%         N/A       83%         3
 Portal Projectile        Hex/Tloc       0%         N/A       83%         3
 Spider Form              Tmut/Pois      0%         N/A       83%         3
 Swiftness                Air            0%         N/A       83%         3
 Tukima's Dance           Hex            0%         N/A       83%         3
 Vampiric Draining        Necr           0%         2d6       83%         3
 Airstrike                Air            0%         2d(0-16)  99%         4
 Animate Dead             Necr           0%         N/A       99%         4
 Flame Wave               Conj/Fire      0%         2d4       99%         4
 Ice Form                 Ice/Tmut       0%         N/A       99%         4
 Petrify                  Tmut/Erth      0%         N/A       99%         4
 Sticky Flame             Conj/Fire      0%         2d3       99%         4
 Summon Ice Beast         Ice/Summ       0%         N/A       99%         4
 Summon Lightning Spire   Summ/Air       0%         N/A       99%         4
 Agony                    Necr           0%         N/A       100%        5
 Alistair's Intoxication  Tmut/Pois      0%         N/A       100%        5
 Arcjolt                  Conj/Air       0%         1d10      100%        5
 Blade Hands              Tmut           0%         N/A       100%        5
 Borgnjor's Vile Clutch   Necr/Erth      0%         N/A       100%        5
 Irradiate                Conj/Tmut      0%         3d11      100%        5
 Lightning Bolt           Conj/Air       0%         1d11      100%        5
 Silence                  Hex/Air        0%         N/A       100%        5
 Summon Mana Viper        Hex/Summ       0%         N/A       100%        5
 Death Channel            Necr           0%         N/A       100%        6
 Eringya's Noxious Bog    Tmut/Pois      0%         N/A       100%        6
 Simulacrum               Ice/Necr       0%         N/A       100%        6
 Dragon Form              Tmut           0%         N/A       100%        7
 Monstrous Menagerie      Summ           0%         N/A       100%        7
 Storm Form               Tmut/Air       0%         N/A       100%        7
 Maxwell's Capacitive Co  Air            0%         ∞         100%        8


Dungeon Overview and Level Annotations

Branches:
Dungeon (15/15)            Temple (0/1) D:6            Lair (5/5) D:8
  Swamp (4/4) Lair:3       Spider (4/4) Lair:2        Slime (0/5) Lair:4
    Orc (2/2) D:10            Elf (0/3) Orc:2        Vaults (0/5) D:14
 Depths (0/4) D:15        Gauntlet (visited)

Altars:
Ashenzari
Cheibriados
Elyvilon
Makhleb
Nemelex Xobeh
Ru
Trog
Uskayaw
Wu Jian
Xom
Yredelemnul
Jiyva

Shops:
D:2 *   D:11 [((*   D:14 [   Orc:2 :[([

Annotations:
D:9 3 runed translucent doors, kthxbai's ghost, novice DESu
D:14 Roxanne
Lair:5 2 transporters, jehirs's ghost, journeyman HOMo


Innate Abilities, Weirdness & Mutations

You have a pair of horns on your head.
You reflexively headbutt those who attack you in melee.
You are partially covered in iridescent scales. (AC +2)


Message History

You feel your power leaking away.
Deactivating autopickup; reactivate with Ctrl-A.
You miss something. You headbutt something!!
You feel you are being watched by something.
You feel your power leaking away. You block something's attack.
Something closely misses you.
Something stings you but does no damage.
Unknown command.
You closely miss something. Your headbutt misses something.
Something completely misses you. Something hits you but does no damage.
Something stings you!
You feel dopey.
You closely miss something.
You feel you are being watched by something.
Something hits you! Something closely misses you. Something stings you!
You feel clumsy.
You feel you are being watched by something.
Unknown command.
Unknown command.
You miss something. You headbutt something!
You feel you are being watched by something.
You feel your power leaking away. Something barely misses you.
You block something's attack. Something stings you.
You feel clumsy.
You feel you are being watched by something.
Unknown command.
You closely miss something. You headbutt something. Something hits you!
* * * LOW HITPOINT WARNING * * *
You feel dopey. You block something's attack.
Something stings you but does no damage.
You barely miss something.
You feel you are being watched by something.
You feel your power leaking away.
A redback comes into view.
Something hits you!!
* * * LOW HITPOINT WARNING * * *
Something hits you!
You die...

?. ..... ... ##.^.....
.^###^..###.. #........
.^.#^....#.. #.......#
#.........s #........
#........ ####.....^.
....... ##..##......
##''†## ##.^.####...^
###...ss######...##..#..##
......ss{{@..^............#
##.s...sB######....^.....##
#.####### #########.## #.
### #


You could see an entropy weaver, 3 tarantellas and 3 redbacks.

Vanquished Creatures
  Mlioglotl (Swamp:3)
  4 thorn hunters
  A fire giant (D:15)
  2 fenstrider witches
  An orc warlord (Orc:2)
  Aizul (Swamp:1)
  2 ghost moths
  2 ghouls
  Azrael (D:14)
  An eleionoma (Swamp:4)
  A spark wasp (Spider:4)
  11 bunyips
  A minotaur (Gauntlet)
  3 entropy weavers
  Josephine (D:10)
  11 hydras
  Harold (D:11)
  An ogre mage (D:15)
  A jorogumo (Spider:4)
  6 centaur warriors
  3 catoblepae
  A death knight (D:13)
  A radroach (Spider:1)
  2 boulder beetles
  2 dancing weapons (D:14)
  7 two-headed ogres
  13 death yaks
  4 alligators
  A deep troll shaman (Lair:5)
  3 tengu warriors
  An orc high priest (Orc:2)
  2 skeletal warriors (D:13)
  4 pharaoh ants
  5 goliath frogs
  11 swamp dragons
  Lodul (D:10)
  3 spriggan druids
  4 orb spiders
  8 steelbarb worms
  2 bog bodies
  Pikel (D:5)
  2 orc knights (Orc:2)
  3 lindwurms
  2 deep elf pyromancers
  A phantasmal warrior (D:13)
  2 shining eyes (Trove)
  4 orc sorcerers (Orc:2)
  10 wolf spiders
  8 ugly things
  6 cyclopes
  2 moths of wrath (Spider:3)
  An oklob plant (Gauntlet)
  4 slime creatures
  12 elephants
  5 will-o-the-wisps
  2 manticores
  4 black mambas
  2 torpor snails
  A black mamba (shapeshifter) (D:15)
  2 gargoyles
  13 cane toads
  An efreet (D:14)
  A kobold demonologist (D:11)
  15 komodo dragons
  An unseen horror (D:11)
  2 rime drakes (Lair:3)
  8 demonic crawlers
  4 tengu conjurers
  3 meliai (Lair:4)
  4 tyrant leeches
  3 polar bears
  5 trolls
  16 tarantellas
  A wolf spider simulacrum (D:14)
  A queen bee (Lair:4)
  A wind drake (shapeshifter) (D:15)
  3 hornets
  7 blink frogs
  5 dream sheep (Lair:3)
  22 jumping spiders
  A spriggan (Swamp:4)
  2 shadows
  4 wyverns (Lair:4)
  7 wraiths
  4 basilisks
  12 culicivoras
  8 fire elementals
  Eustachio (D:4)
  38 yaks
  2 steam dragons
  3 vampire mosquitoes (Swamp:2)
  29 redbacks
  24 swamp worms
  3 wargs
  Menkaure (D:4)
  4 acid dragons
  16 water moccasins
  29 orc warriors
  2 swamp drakes (Swamp:4)
  3 black bears
  2 sky beasts
  2 ice beasts (D:6)
  11 wolves
  18 ogres
  12 centaurs
  A kobold brigand (D:9)
  2 gnoll sergeants
  11 bullfrogs
  5 necrophages
  A scorpion (D:5)
  22 wights
  42 killer bees
  5 howler monkeys
  An electric eel (Lair:1)
  A jelly (D:5)
  19 orc priests
  A gnoll bouda (D:7)
  2 hounds
  Jessica (D:3)
  4 iguanas
  Natasha (twice) (D:3)
  26 orc wizards
  A hound skeleton (D:4)
  18 gnolls
  7 adders
  An ufetubus (D:6)
  2 worms
  4 dart slugs
  92 orcs
  8 endoplasms
  4 giant cockroaches
  5 goblins
  7 hobgoblins
  3 jackals (D:3)
  5 quokkas
  6 ball pythons
  4 bats
  4 frilled lizards
  14 kobolds
  16 rats
906 creatures vanquished.

Vanquished Creatures (collateral kills)
  A shambling mangrove (Swamp:4)
  3 hydras
  2 swamp dragons (Swamp:4)
  A lindwurm (Swamp:4)
  2 hornets (Swamp:4)
  2 swamp drakes (Swamp:4)
11 creatures vanquished.

Vanquished Creatures (others)
  An alligator (Swamp:3)
  2 bloated husks
  3 briar patches (Swamp:4)
  7 bushes (D:14)
  39 foxfires
  19 fungi
  19 plants
90 creatures vanquished.

Grand Total: 1007 creatures vanquished

Notes
Turn   | Place    | Note
-------+----------+-------------------------------------------
     0 | D:1      | Morbidden the Minotaur Fighter began the quest for the Orb.
     0 | D:1      | Reached XP level 1. HP: 19/19 MP: 0/0
     2 | D:1      | Noticed a human
     2 | D:1      | Noticed a formicid
     4 | D:1      | Noticed a ghoul
     4 | D:1      | Noticed a felid
     6 | D:1      | Noticed a troll
     8 | D:1      | Noticed a demonspawn
     8 | D:1      | Noticed a merfolk
    10 | D:1      | Noticed a minotaur
    12 | D:1      | Noticed a meteoran
    12 | D:1      | Noticed a demigod
    14 | D:1      | Noticed a spriggan
    14 | D:1      | Noticed an elf
    16 | D:1      | Noticed a naga
    16 | D:1      | Noticed an ogre
    18 | D:1      | Noticed a gargoyle
    18 | D:1      | Noticed a draconian
    20 | D:1      | Noticed an octopode
    20 | D:1      | Noticed a vine stalker
    22 | D:1      | Noticed an armataur
    24 | D:1      | Noticed a tengu
    24 | D:1      | Noticed an octopode
    26 | D:1      | Noticed a felid
    26 | D:1      | Noticed a felid
   124 | D:1      | Reached XP level 2. HP: 25/27 MP: 1/1
   622 | D:1      | Reached skill level 1 in Axes
   833 | D:1      | Reached XP level 3. HP: 31/33 MP: 2/2
  1012 | D:2      | Found a faded altar of an unknown god.
  1272 | D:2      | Found Atrof's General Store.
  1280 | D:2      | Bought 2 curare-tipped darts for 15 gold pieces
  1445 | D:3      | Found a hide-covered altar of Uskayaw.
  1562 | D:3      | Reached XP level 4. HP: 33/40 MP: 3/3
  1637 | D:3      | Found a snail-covered altar of Cheibriados.
  1638 | D:3      | Found a sacrificial altar of Ru.
  1644 | D:3      | Became a worshipper of Cheibriados the Contemplative
  1715 | D:3      | Noticed Natasha
  1719 | D:3      | Killed Natasha
  1720 | D:3      | Reached skill level 1 in Maces & Flails
  1720 | D:3      | Reached skill level 1 in Dodging
  1850 | D:3      | Noticed Jessica
  1853 | D:3      | Killed Jessica
  1862 | D:3      | Reached XP level 5. HP: 41/46 MP: 4/4
  2070 | D:3      | Noticed Natasha
  2075 | D:3      | Killed Natasha
  2258 | D:4      | Noticed Eustachio
  2375 | D:4      | Killed Eustachio
  2376 | D:4      | Reached skill level 1 in Throwing
  2376 | D:4      | Reached skill level 1 in Invocations
  2376 | D:4      | Reached XP level 6. HP: 47/53 MP: 5/5
  2647 | D:4      | Reached * piety under Cheibriados
  2719 | D:4      | Noticed Menkaure
  2726 | D:4      | Killed Menkaure
  2727 | D:4      | Reached skill level 5 in Armour
  2933 | D:4      | Found a burning altar of Makhleb.
  2943 | D:4      | Reached XP level 7. HP: 49/60 MP: 7/7
  3494 | D:5      | Entered Level 5 of the Dungeon
  3672 | D:5      | Reached skill level 5 in Fighting
  4083 | D:5      | Noticed Pikel
  4106 | D:5      | Killed Pikel
  4107 | D:5      | Reached skill level 5 in Shields
  4107 | D:5      | Reached XP level 8. HP: 60/69 MP: 8/8
  4299 | D:5      | Reached ** piety under Cheibriados
  4686 | D:6      | Found a staircase to the Ecumenical Temple.
  5486 | D:7      | Reached XP level 9. HP: 62/75 MP: 10/10
  5617 | D:7      | Reached skill level 5 in Polearms
  5690 | D:7      | Reached *** piety under Cheibriados
  6623 | D:7      | Reached skill level 1 in Stealth
  6625 | D:7      | Reached skill level 5 in Maces & Flails
  7063 | D:8      | Reached skill level 5 in Axes
  7090 | D:8      | Reached **** piety under Cheibriados
  7342 | D:8      | Found a staircase to the Lair.
  7567 | D:8      | Reached XP level 10. HP: 44/84 MP: 11/11
  7573 | D:8      | Reached skill level 5 in Dodging
  8235 | D:9      | Noticed a two-headed ogre
  8251 | D:9      | Killed a two-headed ogre
  8262 | D:9      | Reached ***** piety under Cheibriados
  8400 | D:9      | Found a shimmering altar of Xom.
  8522 | D:9      | Found a runed translucent gate.
  8523 | D:9      | Found a runed translucent gate.
  8525 | D:9      | Found a runed translucent gate.
  8530 | D:9      | Noticed kthxbai's ghost (novice DESu)
  9245 | D:9      | Found a sparkling altar of Nemelex Xobeh.
  9405 | D:10     | Entered Level 10 of the Dungeon
  9419 | D:10     | Found a staircase to the Orcish Mines.
  9419 | D:10     | Noticed a two-headed ogre
  9426 | D:10     | Killed a two-headed ogre
  9427 | D:10     | Reached skill level 10 in Armour
  9632 | D:10     | Reached XP level 11. HP: 84/92 MP: 13/13
  9648 | D:10     | Noticed Lodul
  9662 | D:10     | Killed Lodul
  9662 | D:10     | HP: 4/92 [ogre/+0 giant spiked club[Lodul] (30)]
 10486 | D:10     | Noticed Josephine
 10505 | D:10     | Killed Josephine
 10506 | D:10     | Reached skill level 5 in Throwing
 10863 | D:10     | Found a white marble altar of Elyvilon.
 10987 | D:10     | Found a broken altar of Ashenzari.
 11064 | Orc:1    | Entered Level 1 of the Orcish Mines
 11093 | Orc:1    | Reached skill level 5 in Invocations
 12067 | D:11     | Found Qero's Armour Shop.
 12090 | D:11     | Found Larint's Antique Weapon Shoppe.
 12626 | D:11     | Found Upniff's Weapon Boutique.
 12649 | D:11     | Noticed Harold
 12658 | D:11     | Killed Harold
 12696 | D:11     | Found Wosuutie's General Store.
 12975 | Lair:1   | Entered Level 1 of the Lair of Beasts
 14219 | Lair:2   | Found a hole to the Spider Nest.
 14385 | Lair:2   | Reached XP level 12. HP: 103/103 MP: 15/15
 15046 | Lair:2   | Identified the +5 spear of Radicalism {flame, rPois SInv}
 15460 | Lair:3   | Found a staircase to the Swamp.
 15820 | Lair:3   | Noticed a boulder beetle
 15830 | Lair:3   | Killed a boulder beetle
 15848 | Lair:3   | Noticed a death yak
 15862 | Lair:3   | Killed a death yak
 15950 | Lair:3   | Noticed a death yak
 15950 | Lair:3   | Noticed a death yak
 15968 | Lair:3   | Killed a death yak
 15980 | Lair:3   | Killed a death yak
 16494 | Lair:3   | Noticed a four-headed hydra
 16499 | Lair:3   | Killed a four-headed hydra
 16591 | Lair:3   | Noticed a catoblepas
 16603 | Lair:3   | Killed a catoblepas
 16908 | Lair:3   | Reached skill level 10 in Polearms
 17030 | Lair:3   | Got the Verses on the Nimbus
 17089 | Lair:3   | Reached ****** piety under Cheibriados
 17699 | Lair:4   | Found a staircase to the Slime Pits.
 17699 | Lair:4   | Found a viscous altar of Jiyva.
 17712 | Lair:4   | Reached XP level 13. HP: 109/113 MP: 16/16
 17722 | Lair:4   | Reached skill level 10 in Fighting
 18970 | Lair:5   | Entered Level 5 of the Lair of Beasts
 19240 | Lair:5   | Got Sif Muna's Octavo of Lightning
 19492 | Lair:5   | Noticed jehirs's ghost (journeyman HOMo)
 19506 | Lair:5   | Found a transporter.
 19540 | Lair:5   | Found a transporter.
 19746 | Lair:5   | Reached XP level 14. HP: 115/124 MP: 18/18
 19969 | Lair:5   | Reached skill level 10 in Axes
 20449 | Lair:5   | Reached skill level 10 in Shields
 20829 | Lair:5   | Found a bloodstained altar of Trog.
 21203 | D:12     | Found a gate leading to a gauntlet.
 21228 | Gauntlet | Entered a Gauntlet
 21228 | Gauntlet | Found a transporter.
 21228 | Gauntlet | Found a transporter.
 21354 | Gauntlet | Found a transporter.
 21357 | Gauntlet | Found a transporter.
 21358 | Gauntlet | Found a transporter.
 21359 | Gauntlet | Found a transporter.
 21371 | Gauntlet | Found a transporter.
 21372 | Gauntlet | Found a transporter.
 21373 | Gauntlet | Found a large runed translucent door.
 21374 | Gauntlet | Found a large runed translucent door.
 21375 | Gauntlet | Found a large runed translucent door.
 21375 | Gauntlet | Found a large runed translucent door.
 21375 | Gauntlet | Found a runed translucent door.
 21376 | Gauntlet | Found a large runed translucent door.
 21377 | Gauntlet | Found a large runed translucent door.
 21378 | Gauntlet | Found a large runed translucent door.
 21378 | Gauntlet | Found a large runed translucent door.
 21379 | Gauntlet | Found a runed translucent gate.
 21387 | Gauntlet | Found a transporter.
 21481 | Gauntlet | Found a transporter.
 21485 | Gauntlet | Found a transporter.
 21487 | Gauntlet | Found a large runed translucent door.
 21488 | Gauntlet | Found a large runed translucent door.
 21489 | Gauntlet | Found a large runed translucent door.
 21489 | Gauntlet | Found a large runed translucent door.
 21489 | Gauntlet | Found a runed translucent door.
 21490 | Gauntlet | Found a large runed translucent door.
 21491 | Gauntlet | Found a large runed translucent door.
 21492 | Gauntlet | Found a large runed translucent door.
 21492 | Gauntlet | Found a large runed translucent door.
 21493 | Gauntlet | Found a runed translucent gate.
 21493 | Gauntlet | Found a runed translucent gate.
 21495 | Gauntlet | Found a transporter.
 21623 | Gauntlet | Identified the ring "Xoluze" {Will+++ rCorr EV+4 Str-4
                  | Stlth-}
 21968 | Gauntlet | Got the Incunable of Filth and Glamour
 23118 | D:13     | Found a portal to a secret trove of treasure.
 23126 | Trove    | Entered a treasure trove
 23144 | Trove    | Gained mutation: You occasionally lose the ability to read
                  | scrolls when taking damage. [a shining eye]
 23146 | Trove    | Gained mutation: You are frail. (-10% HP) [a shining eye]
 23152 | Trove    | Identified the +2 pair of boots of the Candlemaker {Slay+3}
 23168 | Trove    | Identified the amulet "Qanyuderr" {Spirit rCorr}
 23175 | Trove    | Identified the +0 hat of Devotion {rF+++}
 23195 | Trove    | Identified the +0 cloak "Dawkeur" {Str+2}
 23214 | Trove    | Identified the +2 chain mail of Gallantry {Regen+}
 23338 | D:13     | Lost mutation: You are frail. (-10% HP) [potion of
                  | mutation]
 23338 | D:13     | Lost mutation: You occasionally lose the ability to read
                  | scrolls when taking damage. [potion of mutation]
 23338 | D:13     | Gained mutation: You passively map a small area around you.
                  | [potion of mutation]
 23338 | D:13     | Lost mutation: You passively map a small area around you.
                  | [potion of mutation]
 23338 | D:13     | Gained mutation: You are partially covered in iridescent
                  | scales. (AC +2) [potion of mutation]
 24273 | D:14     | Noticed Azrael
 24379 | D:14     | Found a basalt altar of Yredelemnul.
 24500 | D:14     | Found a gate to the Vaults.
 24514 | D:14     | Reached XP level 15. HP: 127/132 MP: 19/19
 24572 | D:14     | Killed Azrael
 24599 | D:14     | Identified Roxanne's Essays on Metal
 24599 | D:14     | Noticed Roxanne
 24674 | D:14     | Found an ornate altar of the Wu Jian Council.
 24854 | D:14     | Found Suogario's Antique Armour Emporium.
 25006 | D:15     | Entered Level 15 of the Dungeon
 25046 | D:15     | Noticed a fire giant
 25070 | D:15     | Killed a fire giant
 25099 | D:15     | Found a staircase to the Depths.
 25412 | D:15     | Identified the +4 long sword of an ice cave {holy, Dex+3}
 25884 | Orc:2    | Entered Level 2 of the Orcish Mines
 26662 | Orc:2    | Found Xioweyko's Antique Armour Shoppe.
 26664 | Orc:2    | Found Hocyun's Antique Weapon Emporium.
 26709 | Orc:2    | Found a staircase to the Elven Halls.
 26810 | Orc:2    | Found Poosat's Antique Armour Emporium.
 26817 | Orc:2    | Bought a pair of runed boots for 240 gold pieces
 26917 | Orc:2    | Found Fousauv's Book Shoppe.
 27281 | Swamp:1  | Entered Level 1 of the Swamp
 27281 | Swamp:1  | Noticed a thorn hunter
 27295 | Lair:3   | Killed a thorn hunter
 27380 | Swamp:1  | Noticed Aizul
 27404 | Swamp:1  | Killed Aizul
 27915 | Swamp:1  | Noticed a thorn hunter
 27938 | Swamp:1  | Killed a thorn hunter
 28114 | Swamp:1  | Reached skill level 10 in Dodging
 28507 | Swamp:2  | Noticed a fenstrider witch
 28510 | Swamp:2  | Noticed a thorn hunter
 28518 | Swamp:1  | Killed a fenstrider witch
 28731 | Swamp:2  | Killed a thorn hunter
 29665 | Swamp:3  | Noticed Mlioglotl
 29669 | Swamp:3  | Noticed a fenstrider witch
 29771 | Swamp:3  | Killed Mlioglotl
 29772 | Swamp:3  | Reached XP level 16. HP: 55/141 MP: 21/21
 30794 | Swamp:4  | Entered Level 4 of the Swamp
 30889 | Swamp:4  | Noticed a thorn hunter
 30905 | Swamp:4  | Killed a thorn hunter
 30906 | Swamp:4  | Reached skill level 1 in Evocations
 31567 | Swamp:4  | Got a decaying rune of Zot
 31605 | Swamp:4  | Identified the +1 robe "Zoegg" {Str+3}
 31914 | Spider:1 | Entered Level 1 of the Spider Nest
 32417 | Spider:1 | Identified the +4 great mace of Arcadian Gallantry {elec,
                  | rF++ Str+4}
 32671 | Spider:2 | Reached skill level 15 in Axes
 32956 | Spider:2 | Reached XP level 17. HP: 141/151 MP: 22/22
 33334 | Spider:2 | Reached skill level 15 in Armour
 34277 | Spider:4 | Entered Level 4 of the Spider Nest
 34556 | Spider:4 | Slain by a ghost moth

Illustrated notes

Levels and vault maps discovered:
D:1:      kb_arrival_jail, layout_basic, minmay_rat_gold_closets
D:2:      layout_rooms, shapermc_ecumenical_altar_mp_highgroup, serial_shops,
          nicolae_shop_trees
D:3:      layout_loops_cross, amcnicky_altar_gilded, grunt_temple_overflow_open,
          uniq_jessica, uniq_natasha
D:4:      layout_loops_corners, makhleb_blood_cavern_becter,
          grunt_decor_one_mirror, uniq_menkaure, uniq_eustachio
D:5:      layout_basic, uniq_pikel
D:6:      layout_cave_pools, minmay_temple_entry_sparse_star
D:7:      layout_basic
D:8:      layout_rooms, lair_entry_dummy, chequers_serial_rivers_room_b
D:9:      layout_basic, tgw_xom, mainiacjoe_overflow_six_doors_small,
          ebering_ghost_rock_garden
D:10:     layout_basic, lemuel_crystal_altar, kennysheep_little_box,
          orc_0_dummy, uniq_josephine, uniq_lodul
D:11:     layout_small_grid, serial_shops, shop, nicolae_shop_crystal, shop,
          nicolae_stop_n_shop_2, uniq_harold
D:12:     layout_basic, gauntlet_entry_generic
D:13:     layout_roguey, nicolae_trove_entry_crossroad, drop_trap
D:14:     layout_basic, erik_vaults_1, serial_park_paths
          [serial_park_minivault_5x5_4], serial_shops, shop,
          nzn_wu_jian_contemplation, uniq_azrael, uniq_roxanne
D:15:     grunt_enter_depths_giant_problem, layout_long_grid,
          minmay_misc_feat_columns, chequers_serial_rivers_small_b,
          roderic_lattice_a
Lair:1:   layout_gridlike, beast_lair_carwin_9
Lair:2:   layout_loops_ring, spider_nest_entry_webs, beast_lair_carwin_7,
          lemuel_fruit_tree
Lair:3:   nzn_winding_woodlands_cross [nzn_winding_woodlands_5x15_pool,
          nzn_winding_woodlands_5x15_garden, nzn_winding_woodlands_5x15_zeroes,
          nzn_winding_woodlands_5x15_lazy_stream,
          nzn_winding_woodlands_15x15_boxy_spiral], layout_layer_cave,
          swamp_mist
Lair:4:   regret_index_bee_streams, layout_cave_shapes, slime_entry_1,
          serial_bayou_shore_b, grunt_megastairs_2, infiniplex_staircase_pool_2
Lair:5:   grunt_lair_end_beastmaster, layout_loops_ring,
          gammafunk_ghost_wrathful_warriors, grunt_megastairs_3
Swamp:1:  layout_basic_swamp, evilmike_swamp_ruin_house_3, uniq_aizul
Swamp:2:  layout_basic_swamp, nicolae_swamp_small_spring
Swamp:3:  layout_basic_swamp, evilmike_swamp_ruin_house_6,
          nicolae_swamp_bunyip_nook, uniq_mlioglotl
Swamp:4:  swamp_alternative, layout_basic_swamp, swamp_pool4,
          nicolae_swamp_bean_lake, infiniplex_staircase_pool
Spider:1: layout_spider_delve
Spider:2: layout_cave_pods
Spider:3: layout_spider_delve, nicolae_spider_cling_halls
Spider:4: johnstein_spider_rune_arachne_lair, nicolae_spider_nooks_and_crannies,
          uniq_nikola
Orc:1:    layout_caves, mines2_lemuel
Orc:2:    grunt_orc_community_town_hall, layout_caves,
          grunt_orc_community_big_house_2, grunt_orc_community_big_house_2,
          grunt_orc_community_house_2, grunt_orc_community_house_1,
          grunt_orc_community_house_3, grunt_orc_community_house_2,
          grunt_orc_community_house_2, grunt_orc_community_house_3

Skill      XL: |  1  2  3  4  5  6  7  8  9 10 11 12 13 14 15 16 17 |
---------------+----------------------------------------------------+-----
Armour         | 4 5 6 7 9 10 11 12 13 14 15 | 15.1
Axes           | 1 2 3 4 5 6 7 8 9 11 13 15 | 15.6
Fighting       | 4 5 6 7 8 9 11 12 13 14 | 14.1
Polearms       | 3 4 5 6 8 10 12 13 14 | 14.2
Shields        | 4 5 6 7 8 9 10 12 13 | 13.6
Maces & Flails | 1 2 3 4 5 6 7 |  7.6
Dodging        | 1 2 4 5 6 7 8 9 10 11 | 11.3
Throwing       | 1 2 3 4 5 6 7 8 9 |  9.8
Invocations    | 1 2 3 4 5 6 7 8 9 |  9.6
Stealth        | 1 2 |  2.4
Evocations     | 2 3 |  3.2

Action                   |  1- 3 |  4- 6 |  7- 9 | 10-12 | 13-15 | 16-18 || total
-------------------------+-------+-------+-------+-------+-------+-------++-------
Melee: Trident           |    31 |       |       |   328 |   267 |   166 ||   792
       Headbutt          |    15 |    14 |    45 |   122 |   323 |   141 ||   660
       Whip              |    77 |    66 |   155 |       |       |       ||   298
       Club              |       |    17 |       |       |       |       ||    17
       Flail             |       |       |   100 |   190 |    47 |       ||   337
       War axe           |       |       |       |     5 |       |       ||     5
       Broad axe         |       |       |       |     7 |   755 |   367 ||  1129
       Morningstar       |       |       |       |       |    48 |       ||    48
       Spear             |       |       |       |       |    65 |       ||    65
Throw: Dart              |       |       |     3 |     6 |     6 |       ||    15
       Stone             |       |       |       |     6 |    49 |    72 ||   127
       Boomerang         |       |       |       |       |     5 |       ||     5
Invok: Slouch            |       |       |       |     3 |     6 |     4 ||    13
Evoke: Phantom mirror    |       |       |       |       |     1 |     2 ||     3
       Wand              |       |       |       |       |     3 |     1 ||     4
  Use: Potion            |       |     2 |       |     1 |    10 |     1 ||    14
       Scroll            |       |       |     8 |     6 |    19 |     3 ||    36
 Stab: Distracted        |       |       |       |       |     2 |     6 ||     8
Armor: Scale mail        |    16 |       |       |       |       |       ||    16
       Chain mail        |    24 |    28 |   149 |   183 |   393 |       ||   777
       Plate armour      |       |       |       |       |   107 |       ||   107
       Swamp dragon scal |       |       |       |       |    51 |   255 ||   306
Dodge: Dodged            |    35 |    31 |   152 |   259 |   600 |   398 ||  1475
Block: Buckler           |    14 |    17 |    84 |   125 |   213 |       ||   453
       Kite shield       |       |       |       |       |   386 |   445 ||   831

Table legend: (Time is in decaauts)
 A = Elapsed time spent in this place.
 B = Non-inter-level travel time spent in this place.
 C = Inter-level travel time spent in this place.
 D = Time resting spent in this place.
 E = Time spent auto-exploring this place.
 F = Levels seen in this place.
 G = Mean time per level.
                   A        B        C        D        E       F      G
               +--------+--------+--------+--------+--------+-----+--------+
         Total |  48119 |  45260 |   2859 |   6127 |  32031 |  32 | 1503.7 |
       Dungeon |  20754 |  19440 |   1314 |   2256 |  14222 |  15 | 1383.6 |
          Lair |  12123 |  11182 |    941 |   1668 |   8172 |   5 | 2424.6 |
         Swamp |   6121 |   5855 |    266 |   1170 |   3729 |   4 | 1530.2 |
   Spider Nest |   4308 |   4127 |    181 |    148 |   3321 |   4 | 1077.0 |
  Orcish Mines |   3070 |   2914 |    156 |    378 |   2093 |   2 | 1535.0 |
         Trove |    238 |    238 |      0 |      0 |     37 |   1 |  238.0 |
      Gauntlet |   1501 |   1501 |      0 |    506 |    455 |   1 | 1501.0 |
               +--------+--------+--------+--------+--------+-----+--------+

Top non-repeatable levels by time:
  Lair:3: 3603 daAuts
  Lair:5: 2790 daAuts
     D:9: 2456 daAuts
  Lair:2: 2142 daAuts
     D:7: 1969 daAuts
    D:11: 1966 daAuts
 Swamp:1: 1829 daAuts
  Lair:1: 1805 daAuts
   Orc:2: 1789 daAuts
  Lair:4: 1781 daAuts
 Swamp:3: 1742 daAuts
    D:10: 1697 daAuts
Spider:2: 1638 daAuts
     D:5: 1551 daAuts
Gauntlet: 1501 daAuts
